 Seeded DCSS version 0.32-a0-893-gf85d74f360 (webtiles) character file.

Game seed: 2024040314 (custom seed)

22535 Orlauf the Carver (level 12, -15/103 HPs)
             Began as a Demonspawn Gladiator on Apr 3, 2024.
             Was a Follower of Uskayaw.
             Shot with a bolt by a yaktaur captain (20 damage)
             ... on level 12 of the Dungeon.
             The game lasted 00:26:44 (11809 turns).

Orlauf the Carver (Demonspawn Gladiator)           Turns: 11809, Time: 00:26:45

Health: -15/103    AC: 21    Str: 20    XL:     12   Next: 63%
Magic:  21/21      EV:  6    Int:  9    God:    Uskayaw [*.....]
Gold:   1111       SH:  5    Dex: 14    Spells: 11/11 levels left

rFire   . . .        b - +3 great sword (spect)
rCold   . . .        (shield currently unavailable)
rNeg    . . .        t - +0 plate armour
rPois   .            c - +0 helmet
rElec   .            (cloak unavailable)
rCorr   .            L - +1 pair of gloves
SInv    .            f - +0 pair of boots
Will    .....        g - amulet of reflection Stlth
                     r - ring of flight
HPRegen 0.37/turn    N - +4 ring of protection
MPRegen 0.17/turn

%: reflection
@: about to teleport, flying
A: powered by death 3, demonic magic 1, weakness stinger 3
a: Renounce Religion, Stomp


You were on level 12 of the Dungeon.
You worshipped Uskayaw.
Uskayaw was pleased with you.
You visited 2 branches of the dungeon, and saw 13 of its levels.

You collected 1234 gold pieces.
You spent 123 gold pieces at shops.

Inventory:

Hand Weapons
 a - a +1 great sword of flaming
 b - a +3 spectral great sword (weapon)
 q - a +1 long sword of flaming
 D - a +3 long sword of draining
 M - a +3 long sword of freezing
Missiles
 d - 2 throwing nets
 e - 6 javelins (quivered)
 i - 12 boomerangs
Armour
 c - a +0 helmet (worn)
 f - a +0 pair of boots (worn)
 t - a +0 plate armour (worn)
 L - a +1 pair of gloves (worn)
Jewellery
 g - an amulet of reflection (around neck)
 r - a ring of flight (left hand)
 s - a +5 ring of evasion
 N - a +4 ring of protection (right hand)
Wands
 I - a wand of polymorph (5)
Scrolls
 l - 3 scrolls of revelation
 p - 4 scrolls of enchant weapon
 v - 3 scrolls of teleportation
 y - a scroll of amnesia
 E - a scroll of poison
 F - a scroll of immolation
 G - 2 scrolls of fear
Potions
 h - 2 potions of mutation
 j - 4 potions of heal wounds
 k - a potion of enlightenment {unknown}
 m - 2 potions of haste
 n - a potion of brilliance {unknown}
 o - 5 potions of curing
 x - a potion of resistance
 z - a potion of ambrosia
 A - 3 potions of lignification
 B - 2 potions of might
 C - a potion of berserk rage
 J - a potion of cancellation {unknown}
 O - a potion of attraction {unknown}


   Skills:
 * Level 12.3 Fighting
 + Level 12.8 Long Blades
 - Level 1.7 Throwing
 + Level 5.3 Armour
 - Level 2.6 Dodging
 + Level 12.5 Invocations


You had 11 spell levels left.
You didn't know any spells.
Your spell library contained the following spells:

 Spells                   Type           Power      Damage    Failure   Level
 Kiss of Death            Conj/Necr      0%         2d5       100%        1
 Shock                    Conj/Air       0%         1d3       100%        1
 Ensorcelled Hibernation  Hex/Ice        0%         N/A       100%        2
 Confusing Touch          Hex            0%         N/A       100%        3
 Inner Flame              Hex/Fire       0%         N/A       100%        3
 Passwall                 Erth           0%         N/A       100%        3
 Swiftness                Air            0%         N/A       100%        3
 Teleport Other           Tloc           0%         N/A       100%        3
 Airstrike                Air            0%         2d(0-16)  100%        4
 Dispel Undead            Necr           0%         3d6       100%        4
 Irradiate                Conj/Alch      0%         3d11      100%        5
 Dispersal                Tloc           0%         N/A       100%        6
 Gell's Gavotte           Tloc           0%         2d(11-16) 100%        6
 Ignition                 Fire           0%         3d3       100%        8


Dungeon Overview and Level Annotations

Branches:
Dungeon (12/15)            Temple (1/1) D:5            Lair (0/5) D:11
    Orc (0/2) D:9

Altars:
Ashenzari
Cheibriados
Dithmenos
Fedhas
Gozag
Hepliaklqana
Kikubaaqudgha
Makhleb
Nemelex Xobeh
Okawaru
Qazlal
Ru
Sif Muna
Trog
Uskayaw
Vehumet
Wu Jian
Xom
Yredelemnul

Shops:
D:1 (   D:6 =

Annotations:
D:3 1 runed translucent door, porpoise's ghost, amateur HuHu


Innate Abilities, Weirdness & Mutations

You regenerate a lot of health from kills.
Spells you cast may paralyse adjacent enemies.
You have a sharp stinger which inflicts weakening toxins.


Message History

You slash the frost giant!
You tail-slap the frost giant, but do no damage.
The frost giant is severely wounded.
Your +3 spectral great sword hits the frost giant!
The frost giant hits you with a +2 battleaxe of freezing!!
The frost giant freezes you.
The frost giant closely misses your +3 spectral great sword.
You are too injured to fight recklessly!
You slash the frost giant!
The frost giant is almost dead.
Your +3 spectral great sword hits the frost giant but does no damage.
The frost giant hits you with a +2 battleaxe of freezing.
The frost giant freezes you.
The frost giant hits your +3 spectral great sword with a +2 battleaxe of freezing!!
Your spectral weapon shares its damage with you!
The frost giant freezes your +3 spectral great sword.
Your +3 spectral great sword disappears.
* * * LOW HITPOINT WARNING * * *
Uskayaw will force your foes to helplessly watch your dance.
Uskayaw prepares the audience for your solo!
The helpless frost giant fails to defend itself.
You hit the frost giant. You tail-slap the frost giant.
You kill the frost giant!
You start resting.
An orc wizard comes into view. It is wielding a +0 dagger.
A yaktaur captain comes into view.
A centaur warrior comes into view.
The yaktaur captain shouts!
The centaur warrior wields a +0 orcbow.
The centaur warrior shoots an arrow.
The arrow hits you but does no damage.
The yaktaur captain wields a +0 arbalest.
The yaktaur captain shoots a bolt.
The bolt hits you!!
* * * LOW HITPOINT WARNING * * *
As you read the scroll of teleportation, it crumbles to dust.
You feel strangely unstable.
The centaur warrior shoots an arrow.
The arrow hits you!
* * * LOW HITPOINT WARNING * * *
The yaktaur captain shoots a bolt.
The bolt hits you!!
You die...
Your body falls in perfect tune with the rhythm.

###################≈..#......#.#
.........o........#≈..#......#.#
.....(.........$>.#≈..#......#.#
#######''#######..#≈..#......+.#
#....C.........#..#≈..##.....#.#
#..............#..#≈...#.....#.#
#..##########..#..#≈^..#.....#.#
#..# #..#..#≈...#.....'.# #..#
#..#@.#≈...#.....#.# #..#
#..#..#≈...#.....#.# #..#
#.C#..#≈...#.....#.# #..#
#..#..#≈...#.....#.# #
#..#..#≈...#.....#.# #
#J.#..#≈...#.....#.# #
#))#cc#≈...#######.# #
#..#..#≈...........# #
....#..#≈...........#


You could see a yaktaur captain and a centaur warrior.

Vanquished Creatures
  A fire giant (D:12)
  A frost giant (D:12)
  Josephine (D:12)
  A rakshasa (D:12)
  Erolcha (D:9)
  2 boulder beetles (D:12)
  A deep troll earth mage (D:12)
  Lodul (D:12)
  Pikel (D:9)
  2 ugly things
  A cyclops (D:12)
  3 manticores
  A gargoyle (D:12)
  2 komodo dragons
  A kobold demonologist (D:9)
  Grinder (D:5)
  5 trolls (D:12)
  A hornet (D:11)
  Prince Ribbit (D:8)
  3 vampires
  Sigmund (D:6)
  3 wyverns
  7 wraiths
  19 yaks
  A steam dragon (D:7)
  2 vampire mosquitoes (D:11)
  2 acid dragons
  6 orc warriors
  2 black bears
  A sky beast (D:7)
  An ice beast (D:6)
  13 ogres
  2 wolves (D:11)
  5 centaurs
  A lemure (D:9)
  3 kobold brigands
  A gnoll sergeant (D:10)
  A scorpion (D:4)
  14 wights
  19 killer bees
  2 bombardier beetles
  2 howler monkeys
  2 bullfrog zombies (D:5)
  A centaur zombie (D:5)
  A bullfrog skeleton (D:5)
  2 jellies
  7 orc priests
  4 hounds
  An iguana (D:6)
  A gnoll bouda (D:8)
  Natasha (thrice) (D:2)
  A sleepcap (D:6)
  12 orc wizards
  2 hound zombies (D:5)
  9 gnolls
  8 adders
  A shadow imp (D:6)
  2 white imps
  4 ufetubi (D:7)
  2 adder zombies (D:5)
  2 dart slugs
  4 ribbon worms
  22 orcs
  4 ball pythons
  5 endoplasms
  3 giant cockroaches
  11 goblins
  7 hobgoblins
  2 quokkas
  A bat (D:2)
  5 frilled lizards
  11 kobolds
  4 rats
283 creatures vanquished.

Vanquished Creatures (others)
  An orc wizard (D:9)
  An orc (D:7)
  2 spectral weapons (D:12)
4 creatures vanquished.

Grand Total: 287 creatures vanquished

Notes
Turn   | Place    | Note
-------+----------+-------------------------------------------
     0 | D:1      | Orlauf the Demonspawn Gladiator began the quest for the
                  | Orb.
     0 | D:1      | Reached XP level 1. HP: 16/16 MP: 1/1
   182 | D:1      | Gained mutation: You regenerate a little health from kills.
                  | [demonic ancestry]
   182 | D:1      | Reached XP level 2. HP: 16/22 MP: 2/2
   261 | D:1      | You fall into a shaft and drop 1 floor!
   468 | D:1      | Gained mutation: You regenerate health from kills. [demonic
                  | ancestry]
   468 | D:1      | Reached XP level 3. HP: 28/28 MP: 3/3
   576 | D:1      | Found Voxit's Antique Weapon Emporium.
  1113 | D:2      | Noticed Natasha
  1124 | D:2      | Killed Natasha
  1125 | D:2      | Gained mutation: You have a small tail. [demonic ancestry]
  1125 | D:2      | Reached XP level 4. HP: 26/35 MP: 4/4
  1293 | D:2      | Noticed Natasha
  1301 | D:2      | Killed Natasha
  1391 | D:2      | Noticed Natasha
  1400 | D:2      | Killed Natasha
  1462 | D:3      | Found a runed translucent door.
  1463 | D:3      | Noticed porpoise's ghost (amateur HuHu)
  1476 | D:3      | Gained mutation: You have a tail ending in a sharp stinger.
                  | [demonic ancestry]
  1476 | D:3      | Reached XP level 5. HP: 41/41 MP: 5/5
  1502 | D:3      | Found a faded altar of an unknown god.
  2489 | D:4      | Reached skill level 5 in Long Blades
  2508 | D:4      | Noticed a black bear
  2620 | D:4      | Reached XP level 6. HP: 21/48 MP: 6/6
  2853 | D:4      | Found an ancient bone altar of Kikubaaqudgha.
  3070 | D:1      | Bought a glowing long sword for 123 gold pieces
  3413 | D:5      | Entered Level 5 of the Dungeon
  3470 | D:5      | Found a staircase to the Ecumenical Temple.
  3488 | Temple   | Entered the Ecumenical Temple
  3496 | Temple   | Became a worshipper of Uskayaw the Reveller
  3523 | D:5      | Reached * piety under Uskayaw
  3525 | D:5      | Gained mutation: Spells you cast may paralyse adjacent
                  | enemies. [demonic ancestry]
  3525 | D:5      | Reached XP level 7. HP: 52/55 MP: 7/7
  3589 | D:5      | Reached ** piety under Uskayaw
  3590 | D:5      | Reached skill level 1 in Invocations
  3594 | D:5      | Reached *** piety under Uskayaw
  3596 | D:5      | Reached **** piety under Uskayaw
  3597 | D:5      | Reached skill level 5 in Fighting
  4182 | D:5      | Noticed Grinder
  4189 | D:5      | Killed Grinder
  4190 | D:5      | Reached XP level 8. HP: 47/64 MP: 9/11
  4506 | D:5      | Found a sparkling altar of Nemelex Xobeh.
  4656 | D:6      | Found an ornate altar of the Wu Jian Council.
  4924 | D:6      | Noticed a komodo dragon
  4925 | D:6      | Reached skill level 5 in Invocations
  4936 | D:6      | Killed a komodo dragon
  5087 | D:6      | Noticed Sigmund
  5091 | D:6      | Killed Sigmund
  5092 | D:6      | Reached XP level 9. HP: 34/71 MP: 13/13
  5358 | D:6      | Found Wosowyu's One-of-a-Kind Rings.
  5871 | D:7      | Found a hazy altar of Hepliaklqana.
  6162 | D:7      | Reached ***** piety under Uskayaw
  6699 | D:8      | Found a burning altar of Makhleb.
  7217 | D:8      | Noticed Prince Ribbit
  7223 | D:8      | Killed Prince Ribbit
  7427 | D:9      | Reached skill level 10 in Long Blades
  7502 | D:9      | Gained mutation: You regenerate a lot of health from kills.
                  | [demonic ancestry]
  7502 | D:9      | Reached XP level 10. HP: 60/80 MP: 14/16
  7601 | D:9      | Noticed Pikel
  7630 | D:9      | Killed Pikel
  8049 | D:9      | Noticed Erolcha
  8056 | D:9      | Killed Erolcha
  8183 | D:9      | Found a staircase to the Orcish Mines.
  8398 | D:10     | Entered Level 10 of the Dungeon
  8453 | D:10     | Reached ****** piety under Uskayaw
  8620 | D:10     | Gained mutation: You have a sharp stinger which inflicts
                  | weakening toxins. [demonic ancestry]
  8620 | D:10     | Reached XP level 11. HP: 89/89 MP: 18/18
  8749 | D:10     | Reached skill level 10 in Invocations
  8818 | D:10     | Reached skill level 1 in Armour
  9233 | D:11     | Noticed a cyan ugly thing
  9249 | D:11     | Killed a cyan ugly thing
  9560 | D:11     | Found a staircase to the Lair.
  9658 | D:11     | Paralysed by a hornet for 2 turns
  9669 | D:11     | Reached skill level 10 in Fighting
 10245 | D:12     | Noticed Lodul
 10252 | D:12     | Killed Lodul
 10301 | D:12     | Noticed a green ugly thing
 10311 | D:12     | Killed a green ugly thing
 10375 | D:12     | Noticed Josephine
 10390 | D:12     | Killed Josephine
 10394 | D:12     | Reached XP level 12. HP: 62/100 MP: 20/20
 10423 | D:12     | Noticed a boulder beetle
 10436 | D:12     | Killed a boulder beetle
 10678 | D:12     | Noticed a deep troll earth mage
 10698 | D:12     | Killed a deep troll earth mage
 11028 | D:12     | Noticed a rakshasa
 11033 | D:12     | Noticed a stone giant
 11035 | D:12     | Killed a rakshasa
 11226 | D:12     | Noticed a boulder beetle
 11250 | D:12     | Killed a boulder beetle
 11251 | D:12     | Reached skill level 5 in Armour
 11533 | D:12     | Noticed a fire giant
 11539 | D:12     | Killed a fire giant
 11754 | D:12     | Noticed a frost giant
 11774 | D:12     | Killed a frost giant
 11807 | D:12     | Noticed a yaktaur captain
 11808 | D:12     | Noticed a centaur warrior
 11809 | D:12     | HP: 5/103 [centaur warrior/arrow (13)]
 11809 | D:12     | Shot with a bolt by a yaktaur captain

Illustrated notes

Levels and vault maps discovered:
D:1:      tekkud_arrival_beachfront_property, layout_loops_ring, serial_shops,
          nicolae_shop_real_fake_doors
D:2:      layout_rooms, supply_closet_lemuel, uniq_natasha
D:3:      layout_basic, gammafunk_ghost_grave, basic_ecumenical_altar
D:4:      layout_basic, kiku_gazebo_pond_becter, serial_aquarium,
          aquarium_bridge_straight [aquarium_subvault_bridge,
          aquarium_subvault_wall, aquarium_subvault_bridge,
          aquarium_subvault_wall], aquarium_window_fake, aquarium_window_fake,
          aquarium_window_corridor_1, aquarium_window_fake, aquarium_view_2b,
          aquarium_view_2g, aquarium_balcony_double_4, st_stairs_11
D:5:      layout_gridville, mainiacjoe_overflow_catwalk,
          minmay_temple_entry_statues_fountains, serial_undead, serial_undead_a,
          serial_undead_d, serial_undead_c, serial_undead_b,
          minmay_misc_feat_ornament, uniq_grinder
D:6:      layout_loops_cross, nzn_wu_jian_contemplation,
          nicolae_shop_unique_rings, bh_walls_and_bars, uniq_sigmund
D:7:      layout_gridville, lemuel_crystal_altar, nzn_hepliaklqana_mist_gate
D:8:      layout_loops_ring, general_overflow_altar,
          kennysheep_cross_bottleneck, uniq_prince_ribbit1
D:9:      nicolae_BIG_FREAKIN_CUBE, layout_rooms, serial_corexii_hall,
          chequers_hall_statues_y, chequers_hall_statues_wall_a,
          nicolae_figureground_sparkle, uniq_erolcha, uniq_pikel
D:10:     layout_cave_pools
D:11:     layout_roguey, erik_lair_orcish_takeover
D:12:     lemuel_traditional_vault, layout_irregular_city, uniq_lodul,
          uniq_josephine
Temple:   lightli_temple_of_artemis

Skill      XL: |  1  2  3  4  5  6  7  8  9 10 11 12 |
---------------+-------------------------------------+-----
Long Blades    | 3 4 5 6 7 8 10 11 12 | 12.8
Fighting       | 3 4 5 6 7 9 11 12 | 12.3
Invocations    | 4 5 8 9 11 12 | 12.5
Armour         | 4 5 |  5.3
Throwing       | |  1.7
Dodging        | |  2.6

Action                     |  1- 3 |  4- 6 |  7- 9 | 10-12 || total
---------------------------+-------+-------+-------+-------++-------
  Melee: Long sword        |   134 |   103 |   290 |   503 ||  1030
         Tailslap          |       |    18 |    51 |   103 ||   172
         Unarmed           |       |       |       |     2 ||     2
         Great sword       |       |       |       |    26 ||    26
  Throw: Boomerang         |       |     7 |       |    11 ||    18
         Javelin           |       |     1 |       |       ||     1
         Throwing net      |       |       |     4 |     1 ||     5
  Evoke: Wand              |       |       |    10 |    41 ||    51
    Use: Scroll            |     6 |     4 |     7 |     8 ||    25
         Potion            |       |       |       |     2 ||     2
   Stab: Sleeping          |     2 |       |       |       ||     2
         Paralysed         |       |       |    16 |    46 ||    62
         Held in net/web   |       |       |     5 |       ||     5
         Distracted        |       |       |       |     1 ||     1
 Armour: Leather armour    |    45 |       |       |       ||    45
         Chain mail        |    49 |    71 |       |       ||   120
         Plate armour      |       |    23 |   258 |   494 ||   775
  Dodge: Dodged            |    67 |    34 |    91 |   219 ||   411
  Block: Other             |       |    16 |    54 |   108 ||   178
         Reflection        |       |       |       |     8 ||     8

Table legend: (Time is in decaauts)
 A = Elapsed time spent in this place.
 B = Non-inter-level travel time spent in this place.
 C = Inter-level travel time spent in this place.
 D = Time resting spent in this place.
 E = Time spent auto-exploring this place.
 F = Levels seen in this place.
 G = Mean time per level.
                   A        B        C        D        E       F      G
               +--------+--------+--------+--------+--------+-----+--------+
         Total |  11770 |  11390 |    380 |   1257 |   7769 |  13 |  905.4 |
       Dungeon |  11753 |  11381 |    372 |   1257 |   7769 |  12 |  979.4 |
        Temple |     16 |      8 |      8 |      0 |      0 |   1 |   16.0 |
               +--------+--------+--------+--------+--------+-----+--------+

Top non-repeatable levels by time:
    D:12: 1562 daAuts
     D:5: 1214 daAuts
    D:11: 1063 daAuts
     D:6: 1023 daAuts
     D:3: 1009 daAuts
     D:7: 997 daAuts
     D:9: 987 daAuts
     D:1: 933 daAuts
     D:4: 895 daAuts
    D:10: 735 daAuts
     D:8: 706 daAuts
     D:2: 623 daAuts
  Temple: 16 daAuts
